Colorado Rockies vs Nashville Predators
Created - Wednesday, March 15, 2023 at 07:33
Goals
|
| Colorado Rockies |
2 |
2 |
1 |
5 |
| Nashville Predators |
0 |
2 |
1 |
3 |
|
Shots
|
| Colorado Rockies |
22 |
8 |
11 |
41 |
| Nashville Predators |
5 |
16 |
15 |
36 |
|
1st period
1. Colorado Rockies , Nikita Kucherov 2 (Kyle Connor 3, Evgeny Kuznetsov 5) at 9:36
2. Colorado Rockies , Kevin Hayes 1 (Tim Stutzle 2, Nick Schmaltz 1) at 17:59
Penalties :
Nick Schmaltz (COL) for Interference (Minor) at 3:22, Cale Makar (NSH) for Cross-checking (Minor) at 13:01
2nd period
3. Colorado Rockies , Jesper Bratt 1 (Roman Josi 1, David Pastrnak 3) at 6:29
4. Nashville Predators , Thomas Novak 1 (Nate Schmidt 2, Loui Eriksson 1) at 8:14
5. Colorado Rockies , Kevin Hayes 2 (Nick Schmaltz 2, Roman Josi 2) at 16:36
6. Nashville Predators , Sam Gagner 2 (Cale Makar 3, Justin Braun 2) at 17:09
Penalties :
Justin Braun (NSH) for Tripping (Minor) at 1:21, Pat Maroon (NSH) for Hooking (Minor) at 12:43
3rd period
7. Nashville Predators , Thomas Novak 2 (Cale Makar 4, Brandon Saad 3) at 6:58
8. Colorado Rockies , Nikita Kucherov 3 (Kyle Connor 4, Evgeny Kuznetsov 6) at 19:58 (Empty Net)
Penalties :
Corey Perry (NSH) for Tripping (Minor) at 1:11, Pat Maroon (NSH) for Roughing (Minor) at 12:27
Goalie Stats
Ilya Samsonov (COL), 33 saves from 36 shots - (0.917), W, 1-0-0, 60:00 minutes
Anthony Stolarz (NSH), 36 saves from 40 shots - (0.900), L, 1-2-0, 59:32 minutes
Players Stats for Colorado Rockies
Player Name G A P +/- PIM S H SB GA TA FO MP PP MP PK MP
------------------------------------------------------------------------------------
David Pastrnak 0 1 1 1 0 6 3 1 3 1 1/1 19:36 3:54 0:00
Dylan Strome 0 0 0 0 0 1 0 0 0 0 0/0 7:13 0:07 0:00
Evgeny Kuznetsov 0 2 2 0 0 2 4 0 2 1 18/22 19:54 5:54 0:00
Jakub Vrana 0 0 0 0 0 2 1 1 1 0 0/0 6:52 0:00 0:00
Jesper Bratt 1 0 1 1 0 3 0 0 0 0 2/2 16:19 0:07 0:20
Kevin Hayes 2 0 2 1 0 4 1 1 0 0 5/12 12:16 0:00 0:58
Kyle Connor 0 2 2 0 0 1 2 2 0 0 0/0 20:35 5:54 0:41
Martin Fehervary 0 0 0 0 0 0 0 1 0 1 0/0 11:12 0:00 1:09
Nick Bonino 0 0 0 0 0 1 0 0 0 0 1/5 7:33 0:00 0:41
Nick Schmaltz 0 2 2 1 2 3 1 0 1 0 0/1 15:15 3:54 0:00
Nikita Kucherov 2 0 2 0 0 5 2 1 2 0 2/3 19:54 5:54 0:00
Quinn Hughes 0 0 0 -2 0 4 1 2 0 0 0/0 24:35 4:18 0:00
Roman Josi 0 2 2 4 0 2 1 5 0 1 0/0 24:13 5:37 0:50
Ryan O'Reilly 0 0 0 1 0 4 3 0 1 0 18/26 20:34 3:54 0:58
Shea Theodore 0 0 0 4 0 0 0 0 0 0 0/0 14:32 0:00 0:00
Tim Stutzle 0 1 1 1 0 1 3 0 1 1 0/0 11:59 0:07 0:20
Victor Hedman 0 0 0 0 0 1 0 2 0 0 0/0 20:07 5:37 0:50
Zach Werenski 0 0 0 -2 0 1 2 1 0 0 0/0 25:21 4:18 1:09
Players Stats for Nashville Predators
Player Name G A P +/- PIM S H SB GA TA FO MP PP MP PK MP
------------------------------------------------------------------------------------
Artem Zub 0 0 0 1 0 2 0 0 0 1 0/0 20:20 0:46 4:25
Bowen Byram 0 0 0 -2 0 0 2 0 0 0 0/0 11:30 0:00 0:21
Brandon Saad 0 1 1 -2 0 1 3 2 1 2 2/7 23:23 1:05 5:15
Cale Makar 0 2 2 -1 2 1 1 1 0 2 0/0 27:19 1:13 4:15
Cole Perfetti 0 0 0 -1 0 1 0 0 1 0 0/0 7:28 0:00 0:00
Corey Perry 0 0 0 -2 2 2 0 0 1 1 1/2 22:29 1:05 4:17
Janne Kuokkanen 0 0 0 2 0 1 1 1 0 0 0/0 13:39 0:00 2:41
Justin Braun 0 1 1 -1 2 1 1 2 1 0 0/0 27:10 1:13 4:16
Loui Eriksson 0 1 1 2 0 1 2 0 0 1 0/0 11:54 0:00 1:12
Nate Schmidt 0 1 1 1 0 3 1 2 0 0 0/0 20:20 0:46 4:25
Nick Bjugstad 0 0 0 -1 0 1 2 0 0 1 0/1 13:32 0:54 0:16
Nolan Patrick 0 0 0 -1 0 3 0 0 0 0 2/3 8:47 0:00 1:19
Oliver Kylington 0 0 0 -2 0 0 1 2 0 1 0/0 13:45 0:00 2:08
Pat Maroon 0 0 0 -1 4 8 4 0 1 0 1/1 16:25 0:54 2:25
Rasmus Kupari 0 0 0 -1 0 2 2 0 0 0 0/0 7:28 0:00 0:00
Ryan Carpenter 0 0 0 -1 0 1 0 0 0 1 7/17 13:11 0:54 0:00
Sam Gagner 1 0 1 -2 0 2 2 0 0 1 6/28 20:58 1:05 2:25
Thomas Novak 2 0 2 2 0 6 0 0 0 0 6/13 10:22 0:00 0:00
3 Stars
1 - Kevin Hayes (COL)
2 - Roman Josi (COL)
3 - Nikita Kucherov (COL)
Power Play
Colorado Rockies - 0 on 5 Attempt(s) - 0.00%
Nashville Predators - 0 on 1 Attempt(s) - 0.00%
Penalty Kill
Colorado Rockies - 1 on 1 Attempt(s) - 100.00%
- Score 0 goal in Penalty Kill
Nashville Predators - 5 on 5 Attempt(s) - 100.00%
- Score 0 goal in Penalty Kill
Team Stat
Colorado Rockies - Hits : 24 - Faceoff Wins : 47 - Blocked Shots : 17 - Penalty Minutes : 2
Nashville Predators - Hits : 22 - Faceoff Wins : 25 - Blocked Shots : 10 - Penalty Minutes : 10
Official
Referees : Tom Kowal and Chris Lee
Linesman : Scott Cherrey and Darren Gibbs
Game Notes
Nikita Kucherov has scored in a empty net!
Finance
Level 1 -- Attendance: 4315 (71.92%) -- Ticket Income $431,500
Level 2 -- Attendance: 3616 (72.32%) -- Ticket Income $216,960
Level 3 -- Attendance: 2698 (89.93%) -- Ticket Income $94,430
Level 4 -- Attendance: 4058 (81.16%) -- Ticket Income $101,450
Luxury Box -- Attendance: 782 (78.20%) -- Ticket Income $156,400
Game was played at the Bridgestone Arena.
Total Attendance: 15469 (77.35%)
Total Ticket Income: $1,000,740
Other Income: $350,259
Total Income: $1,350,999
Colorado Rockies
5 vs 5 Forward
Center Left Wing Right Wing Time % Phy DF OF
1 Ryan O'Reilly Jesper Bratt David Pastrnak 35 1 2 2
2 Evgeny Kuznetsov Kyle Connor Nikita Kucherov 30 1 2 2
3 Kevin Hayes Tim Stutzle Nick Schmaltz 25 1 2 2
4 Nick Bonino Jakub Vrana Dylan Strome 10 1 2 2
5 vs 5 Defense
Defense Defense Time % Phy DF OF
1 Quinn Hughes Zach Werenski 40 1 2 2
2 Roman Josi Shea Theodore 30 1 2 2
3 Victor Hedman Martin Fehervary 20 1 2 2
4 Victor Hedman Roman Josi 10 1 2 2
PowerPlay Forward
Center Left Wing Right Wing Time % Phy DF OF
1 Evgeny Kuznetsov Kyle Connor Nikita Kucherov 60 1 2 2
2 Ryan O'Reilly Nick Schmaltz David Pastrnak 40 1 2 2
PowerPlay Defense
Defense Defense Time % Phy DF OF
1 Victor Hedman Roman Josi 60 1 2 2
2 Zach Werenski Quinn Hughes 40 1 2 2
Penalty Kill 4 Players Forward
Center Wing Time % Phy DF OF
1 Ryan O'Reilly Kevin Hayes 60 1 2 2
2 Nick Bonino Kyle Connor 40 1 2 2
Penalty Kill 4 Players Defense
Defense Defense Time % Phy DF OF
1 Victor Hedman Roman Josi 60 1 2 2
2 Zach Werenski Martin Fehervary 40 1 2 2
Penalty Kill - 3 Players Forward
Forward Time % Phy DF OF
1 Kevin Hayes 60 1 2 2
2 Ryan O'Reilly 40 1 2 2
Penalty Kill - 3 Players Defense
Defense Defense Time % Phy DF OF
1 Victor Hedman Roman Josi 60 1 2 2
2 Zach Werenski Martin Fehervary 40 1 2 2
4 vs 4 Forward
Center Wing Time % Phy DF OF
1 Ryan O'Reilly Kyle Connor 60 1 2 2
2 Evgeny Kuznetsov Nikita Kucherov 40 1 2 2
4 vs 4 Defense
Defense Defense Time % Phy DF OF
1 Victor Hedman Roman Josi 60 1 2 2
2 Zach Werenski Quinn Hughes 40 1 2 2
Last Minutes Offensive
Center Left Wing Right Wing Defense Defense
Evgeny Kuznetsov Kyle Connor Nikita Kucherov Victor Hedman Roman Josi
Last Minutes Defensive
Center Left Wing Right Wing Defense Defense
Evgeny Kuznetsov Kyle Connor Nikita Kucherov Victor Hedman Roman Josi
Goaltenders
Starting : Ilya Samsonov
Backup : Andrei Vasilevskiy
Extra Forwards
Normal : Jesper Bratt, Tim Stutzle, Kevin Hayes - PP : Jesper Bratt, Tim Stutzle - PK : Kevin Hayes
Extra Defensemen
Normal : Shea Theodore, Martin Fehervary, Zach Werenski - PP : Shea Theodore - PK : Martin Fehervary, Zach Werenski
Penalty Shots
Kevin Hayes, Evgeny Kuznetsov, Tim Stutzle, Shea Theodore, Jesper Bratt
Nashville Predators
5 vs 5 Forward
Center Left Wing Right Wing Time % Phy DF OF
1 Sam Gagner Brandon Saad Corey Perry 40 1 2 2
2 Ryan Carpenter Pat Maroon Nick Bjugstad 30 1 2 2
3 Thomas Novak Loui Eriksson Janne Kuokkanen 20 1 2 2
4 Nolan Patrick Cole Perfetti Rasmus Kupari 10 1 2 2
5 vs 5 Defense
Defense Defense Time % Phy DF OF
1 Cale Makar Justin Braun 40 1 2 2
2 Nate Schmidt Artem Zub 30 1 2 2
3 Bowen Byram Oliver Kylington 20 1 2 2
4 Cale Makar Justin Braun 10 1 2 2
PowerPlay Forward
Center Left Wing Right Wing Time % Phy DF OF
1 Sam Gagner Brandon Saad Corey Perry 60 1 2 2
2 Ryan Carpenter Pat Maroon Nick Bjugstad 40 1 2 2
PowerPlay Defense
Defense Defense Time % Phy DF OF
1 Cale Makar Justin Braun 60 1 2 2
2 Nate Schmidt Artem Zub 40 1 2 2
Penalty Kill 4 Players Forward
Center Wing Time % Phy DF OF
1 Brandon Saad Corey Perry 60 1 2 2
2 Sam Gagner Pat Maroon 40 1 2 2
Penalty Kill 4 Players Defense
Defense Defense Time % Phy DF OF
1 Cale Makar Justin Braun 60 1 2 2
2 Nate Schmidt Artem Zub 40 1 2 2
Penalty Kill - 3 Players Forward
Forward Time % Phy DF OF
1 Brandon Saad 60 1 2 2
2 Corey Perry 40 1 2 2
Penalty Kill - 3 Players Defense
Defense Defense Time % Phy DF OF
1 Cale Makar Justin Braun 60 1 2 2
2 Nate Schmidt Artem Zub 40 1 2 2
4 vs 4 Forward
Center Wing Time % Phy DF OF
1 Brandon Saad Corey Perry 60 1 2 2
2 Sam Gagner Pat Maroon 40 1 2 2
4 vs 4 Defense
Defense Defense Time % Phy DF OF
1 Cale Makar Justin Braun 60 1 2 2
2 Nate Schmidt Artem Zub 40 1 2 2
Last Minutes Offensive
Center Left Wing Right Wing Defense Defense
Sam Gagner Brandon Saad Corey Perry Cale Makar Justin Braun
Last Minutes Defensive
Center Left Wing Right Wing Defense Defense
Sam Gagner Brandon Saad Corey Perry Cale Makar Justin Braun
Goaltenders
Starting : Anthony Stolarz
Backup : Alexandar Georgiev
Extra Forwards
Normal : Thomas Novak, Loui Eriksson, Janne Kuokkanen - PP : Thomas Novak, Loui Eriksson - PK : Janne Kuokkanen
Extra Defensemen
Normal : Bowen Byram, Oliver Kylington, Nate Schmidt - PP : Bowen Byram - PK : Oliver Kylington, Nate Schmidt
Penalty Shots
Brandon Saad, Corey Perry, Sam Gagner, Pat Maroon, Ryan Carpenter
% Time on Ice - Colorado Rockies
Lines # - Real PCT - Wanted PCT - Time Play
Normal Forward
1 - 34% - 35% - 16:07
2 - 27% - 30% - 12:36
3 - 24% - 25% - 11:18
4 - 15% - 10% - 6:52
Normal Defense
1 - 43% - 40% - 20:08
2 - 31% - 30% - 14:24
3 - 19% - 20% - 9:01
4 - 7% - 10% - 3:20
PP Forward
1 - 61% - 60% - 6:01
2 - 39% - 40% - 3:54
PP Defense
1 - 57% - 60% - 5:37
2 - 43% - 40% - 4:18
PK Forward
1 - 66% - 60% - 1:18
2 - 34% - 40% - 0:41
PK Defense
1 - 42% - 60% - 0:50
2 - 58% - 40% - 1:09
PK3 Forward
1 - 0% - 60%
2 - 0% - 40%
PK3 Defense
1 - 0% - 60%
2 - 0% - 40%
44 Forward
1 - 0% - 60%
2 - 0% - 40%
44 Defense
1 - 0% - 60%
2 - 0% - 40%
Last Minute Offensive - 0:00
Last Minute Defensive - 1:13
Total
Forward - 60:00
Defense - 60:00
|
% Time on Ice - Nashville Predators
Lines # - Real PCT - Wanted PCT - Time Play
Normal Forward
1 - 35% - 40% - 16:18
2 - 27% - 30% - 12:46
3 - 22% - 20% - 10:22
4 - 16% - 10% - 7:28
Normal Defense
1 - 40% - 40% - 18:51
2 - 32% - 30% - 15:09
3 - 23% - 20% - 10:58
4 - 4% - 10% - 1:56
PP Forward
1 - 55% - 60% - 1:05
2 - 45% - 40% - 0:54
PP Defense
1 - 61% - 60% - 1:13
2 - 39% - 40% - 0:46
PK Forward
1 - 76% - 60% - 7:30
2 - 24% - 40% - 2:25
PK Defense
1 - 55% - 60% - 5:30
2 - 45% - 40% - 4:25
PK3 Forward
1 - 0% - 60%
2 - 0% - 40%
PK3 Defense
1 - 0% - 60%
2 - 0% - 40%
44 Forward
1 - 0% - 60%
2 - 0% - 40%
44 Defense
1 - 0% - 60%
2 - 0% - 40%
Last Minute Offensive - 1:12
Last Minute Defensive - 0:00
Total
Forward - 60:00
Defense - 60:00
|
Play-by-Play
1st period
0:01 of 1st period - Ryan O'Reilly wins face-off versus Sam Gagner in neutral zone.
0:14 of 1st period - Snap shot by David Pastrnak.
0:14 of 1st period - Shot Misses the Net.
0:20 of 1st period - Brandon Saad is hit by Zach Werenski and loses puck.
0:43 of 1st period - Wrist shot by Nick Bjugstad.
0:43 of 1st period - Stopped by Ilya Samsonov without a rebound.
0:44 of 1st period - Kevin Hayes wins face-off versus Thomas Novak in Colorado Rockies zone.
0:57 of 1st period - Slapshot by Tim Stutzle.
0:57 of 1st period - Shot Misses the Net.
1:27 of 1st period - Icing by Nate Schmidt.
1:28 of 1st period - Sam Gagner wins face-off versus Nikita Kucherov in Nashville Predators zone.
2:14 of 1st period - Kevin Hayes is hit by Nate Schmidt and loses puck.
2:21 of 1st period - Wrist shot by Nick Schmaltz.
2:21 of 1st period - Shot Misses the Net.
2:23 of 1st period - Slapshot by Quinn Hughes.
2:23 of 1st period - Stopped by Anthony Stolarz without a rebound.
2:24 of 1st period - Evgeny Kuznetsov wins face-off versus Ryan Carpenter in Nashville Predators zone.
2:33 of 1st period - Slapshot by Evgeny Kuznetsov.
2:33 of 1st period - Stopped by Anthony Stolarz with a rebound.
2:35 of 1st period - Backhand shot by Quinn Hughes.
2:35 of 1st period - Stopped by Anthony Stolarz with a rebound.
2:37 of 1st period - Slapshot by Zach Werenski.
2:37 of 1st period - Stopped by Anthony Stolarz without a rebound.
2:38 of 1st period - Ryan O'Reilly wins face-off versus Sam Gagner in Nashville Predators zone.
2:43 of 1st period - Wrist shot by David Pastrnak.
2:43 of 1st period - Stopped by Anthony Stolarz with a rebound.
3:03 of 1st period - Justin Braun is hit by Tim Stutzle and loses puck.
3:22 of 1st period - Minor Penalty to Nick Schmaltz for Interference.
3:23 of 1st period - Sam Gagner wins face-off versus Ryan O'Reilly in Colorado Rockies zone.
3:24 of 1st period - Wrist shot by Brandon Saad.
3:24 of 1st period - Deflect By Corey Perry.
3:24 of 1st period - Shot Blocked by Kevin Hayes.
3:24 of 1st period - Puck is out of play.
3:25 of 1st period - Corey Perry wins face-off versus Kevin Hayes in Colorado Rockies zone.
3:40 of 1st period - Zach Werenski is hit by Sam Gagner.
3:58 of 1st period - Slapshot by Cale Makar.
3:58 of 1st period - Deflect By Pat Maroon.
3:58 of 1st period - Stopped by Ilya Samsonov with a rebound.
4:10 of 1st period - Wrist shot by Kyle Connor.
4:10 of 1st period - Shot Misses the Net.
5:22 of 1st period - Penalty to Nick Schmaltz is over, Nick Schmaltz is back on ice.
5:58 of 1st period - Slapshot by Cale Makar.
5:58 of 1st period - Deflect By Rasmus Kupari.
5:58 of 1st period - Stopped by Ilya Samsonov without a rebound.
5:59 of 1st period - Ryan O'Reilly wins face-off versus Thomas Novak in Colorado Rockies zone.
6:48 of 1st period - Zach Werenski is hit by Bowen Byram and loses puck.
7:15 of 1st period - Slapshot by Cole Perfetti.
7:15 of 1st period - Shot Misses the Net.
7:27 of 1st period - Wrist shot by David Pastrnak.
7:27 of 1st period - Shot Misses the Net.
7:29 of 1st period - Slapshot by Victor Hedman.
7:29 of 1st period - Shot Misses the Net.
7:31 of 1st period - Wrist shot by Ryan O'Reilly.
7:31 of 1st period - Shot Blocked by Oliver Kylington.
7:33 of 1st period - Wrist shot by Ryan O'Reilly.
7:33 of 1st period - Stopped by Anthony Stolarz with a rebound.
7:40 of 1st period - Icing by Loui Eriksson.
7:41 of 1st period - Evgeny Kuznetsov wins face-off versus Thomas Novak in Nashville Predators zone.
7:42 of 1st period - Wrist shot by Nikita Kucherov.
7:42 of 1st period - Stopped by Anthony Stolarz with a rebound.
7:44 of 1st period - Slapshot by Martin Fehervary.
7:44 of 1st period - Shot Misses the Net.
7:46 of 1st period - Slapshot by Martin Fehervary.
7:46 of 1st period - Shot Blocked by Oliver Kylington.
7:48 of 1st period - Snap shot by Nikita Kucherov.
7:48 of 1st period - Stopped by Anthony Stolarz without a rebound.
7:49 of 1st period - Sam Gagner wins face-off versus Evgeny Kuznetsov in Nashville Predators zone.
8:14 of 1st period - Snap shot by Nikita Kucherov.
8:14 of 1st period - Shot Misses the Net.
8:26 of 1st period - Victor Hedman is hit by Pat Maroon and loses puck.
9:22 of 1st period - Wrist shot by Thomas Novak.
9:22 of 1st period - Stopped by Ilya Samsonov without a rebound.
9:23 of 1st period - Evgeny Kuznetsov wins face-off versus Sam Gagner in Colorado Rockies zone.
9:36 of 1st period - Snap shot by Nikita Kucherov.
9:36 of 1st period - Goal by Nikita Kucherov - Colorado Rockies : 1 - Nashville Predators : 0.
9:37 of 1st period - Ryan O'Reilly wins face-off versus Sam Gagner in neutral zone.
10:27 of 1st period - Icing by Ryan Carpenter.
10:28 of 1st period - Ryan Carpenter wins face-off versus Nick Schmaltz in Nashville Predators zone.
10:33 of 1st period - Slapshot by Cale Makar.
10:33 of 1st period - Stopped by Ilya Samsonov with a rebound.
10:41 of 1st period - Wrist shot by Nick Schmaltz.
10:41 of 1st period - Deflect By Kevin Hayes.
10:41 of 1st period - Shot Misses the Net.
10:41 of 1st period - Puck is out of play.
10:42 of 1st period - Ryan O'Reilly wins face-off versus Ryan Carpenter in Nashville Predators zone.
11:51 of 1st period - Snap shot by Kyle Connor.
11:51 of 1st period - Deflect By Brandon Saad.
11:51 of 1st period - Stopped by Anthony Stolarz without a rebound.
11:52 of 1st period - Ryan O'Reilly wins face-off versus Ryan Carpenter in Nashville Predators zone.
12:01 of 1st period - Snap shot by David Pastrnak.
12:01 of 1st period - Shot Blocked by Justin Braun.
12:30 of 1st period - Icing by Roman Josi.
12:31 of 1st period - Nolan Patrick wins face-off versus Kevin Hayes in Colorado Rockies zone.
12:46 of 1st period - Wrist shot by Nick Schmaltz.
12:46 of 1st period - Stopped by Anthony Stolarz with a rebound.
12:48 of 1st period - Wrist shot by Roman Josi.
12:48 of 1st period - Stopped by Anthony Stolarz with a rebound.
12:58 of 1st period - Wrist shot by Nick Schmaltz.
12:58 of 1st period - Stopped by Anthony Stolarz without a rebound.
12:59 of 1st period - Sam Gagner wins face-off versus Ryan O'Reilly in Nashville Predators zone.
13:01 of 1st period - Minor Penalty to Cale Makar for Cross-checking.
13:02 of 1st period - Brandon Saad wins face-off versus Evgeny Kuznetsov in Nashville Predators zone.
13:36 of 1st period - Snap shot by David Pastrnak.
13:36 of 1st period - Shot Misses the Net.
13:38 of 1st period - Slapshot by Ryan O'Reilly.
13:38 of 1st period - Stopped by Anthony Stolarz with a rebound.
14:04 of 1st period - Snap shot by Janne Kuokkanen.
14:04 of 1st period - Shot Misses the Net.
15:01 of 1st period - Penalty to Cale Makar is over, Cale Makar is back on ice.
15:04 of 1st period - Snap shot by Nikita Kucherov.
15:04 of 1st period - Stopped by Anthony Stolarz without a rebound.
15:05 of 1st period - Thomas Novak wins face-off versus Nick Bonino in Nashville Predators zone.
15:45 of 1st period - Wrist shot by Jakub Vrana.
15:45 of 1st period - Deflect By Nick Bonino.
15:45 of 1st period - Stopped by Anthony Stolarz without a rebound.
15:46 of 1st period - Ryan O'Reilly wins face-off versus Sam Gagner in Nashville Predators zone.
15:59 of 1st period - Sam Gagner is hit by David Pastrnak and loses puck.
16:53 of 1st period - Cole Perfetti is hit by Zach Werenski and loses puck.
17:17 of 1st period - Snap shot by Dylan Strome.
17:17 of 1st period - Stopped by Anthony Stolarz with a rebound.
17:19 of 1st period - Slapshot by Quinn Hughes.
17:19 of 1st period - Shot Blocked by Nate Schmidt.
17:31 of 1st period - Backhand shot by Thomas Novak.
17:31 of 1st period - Shot Misses the Net.
17:59 of 1st period - Slapshot by Kevin Hayes.
17:59 of 1st period - Goal by Kevin Hayes - Colorado Rockies : 2 - Nashville Predators : 0.
18:00 of 1st period - Ryan O'Reilly wins face-off versus Sam Gagner in neutral zone.
18:03 of 1st period - Slapshot by David Pastrnak.
18:03 of 1st period - Stopped by Anthony Stolarz with a rebound.
18:09 of 1st period - Wrist shot by Jesper Bratt.
18:09 of 1st period - Stopped by Anthony Stolarz without a rebound.
18:10 of 1st period - Ryan O'Reilly wins face-off versus Sam Gagner in Nashville Predators zone.
18:21 of 1st period - Snap shot by Jesper Bratt.
18:21 of 1st period - Deflect By David Pastrnak.
18:21 of 1st period - Stopped by Anthony Stolarz with a rebound.
18:45 of 1st period - Snap shot by Cale Makar.
18:45 of 1st period - Shot Blocked by Zach Werenski.
18:57 of 1st period - Slapshot by Cale Makar.
18:57 of 1st period - Shot Blocked by Quinn Hughes.
19:09 of 1st period - Slapshot by David Pastrnak.
19:09 of 1st period - Shot Misses the Net.
19:11 of 1st period - Slapshot by Quinn Hughes.
19:11 of 1st period - Deflect By Corey Perry.
19:11 of 1st period - Stopped by Anthony Stolarz with a rebound.
19:13 of 1st period - Snap shot by Ryan O'Reilly.
19:13 of 1st period - Shot Misses the Net.
19:23 of 1st period - Sam Gagner is hit by David Pastrnak and loses puck.
19:50 of 1st period - Wrist shot by Jesper Bratt.
19:50 of 1st period - Shot Blocked by Brandon Saad.
Goals for this period are 2 for Colorado Rockies vs 0 for Nashville Predators.
Shots for this period are 22 for Colorado Rockies vs 5 for Nashville Predators.
2nd period
0:01 of 2nd period - Evgeny Kuznetsov wins face-off versus Ryan Carpenter in neutral zone.
0:06 of 2nd period - Wrist shot by Ryan Carpenter.
0:06 of 2nd period - Shot Misses the Net.
0:12 of 2nd period - Snap shot by Nick Bjugstad.
0:12 of 2nd period - Shot Misses the Net.
0:14 of 2nd period - Slapshot by Artem Zub.
0:14 of 2nd period - Deflect By Nikita Kucherov.
0:14 of 2nd period - Stopped by Ilya Samsonov with a rebound.
0:16 of 2nd period - Slapshot by Artem Zub.
0:16 of 2nd period - Stopped by Ilya Samsonov without a rebound.
0:17 of 2nd period - Kevin Hayes wins face-off versus Brandon Saad in Colorado Rockies zone.
0:30 of 2nd period - Corey Perry is hit by Kevin Hayes and loses puck.
0:45 of 2nd period - Backhand shot by Ryan Carpenter.
0:45 of 2nd period - Shot Blocked by Roman Josi.
0:47 of 2nd period - Snap shot by Nick Bjugstad.
0:47 of 2nd period - Shot Misses the Net.
1:21 of 2nd period - Minor Penalty to Justin Braun for Tripping.
1:22 of 2nd period - Evgeny Kuznetsov wins face-off versus Brandon Saad in Nashville Predators zone.
1:50 of 2nd period - Victor Hedman is hit by Oliver Kylington and loses puck.
1:58 of 2nd period - Off-side.
1:59 of 2nd period - Evgeny Kuznetsov wins face-off versus Brandon Saad in neutral zone.
2:31 of 2nd period - Pat Maroon is hit by Ryan O'Reilly and loses puck.
3:04 of 2nd period - Slapshot by Cale Makar.
3:04 of 2nd period - Shot Misses the Net.
3:21 of 2nd period - Penalty to Justin Braun is over, Justin Braun is back on ice.
3:32 of 2nd period - Slapshot by Jakub Vrana.
3:32 of 2nd period - Stopped by Anthony Stolarz with a rebound.
3:34 of 2nd period - Slapshot by Quinn Hughes.
3:34 of 2nd period - Shot Misses the Net.
3:36 of 2nd period - Slapshot by Quinn Hughes.
3:36 of 2nd period - Shot Misses the Net.
3:48 of 2nd period - Snap shot by Cole Perfetti.
3:48 of 2nd period - Shot Misses the Net.
3:50 of 2nd period - Wrist shot by Rasmus Kupari.
3:50 of 2nd period - Stopped by Ilya Samsonov with a rebound.
3:52 of 2nd period - Wrist shot by Cole Perfetti.
3:52 of 2nd period - Stopped by Ilya Samsonov without a rebound.
3:53 of 2nd period - Jesper Bratt wins face-off versus Nolan Patrick in Colorado Rockies zone.
4:14 of 2nd period - Wrist shot by Nolan Patrick.
4:14 of 2nd period - Shot Misses the Net.
4:36 of 2nd period - Slapshot by Roman Josi.
4:36 of 2nd period - Shot Misses the Net.
4:50 of 2nd period - Slapshot by Nolan Patrick.
4:50 of 2nd period - Shot Blocked by Roman Josi.
5:26 of 2nd period - Corey Perry is hit by Nick Schmaltz and loses puck.
5:37 of 2nd period - Wrist shot by Corey Perry.
5:37 of 2nd period - Stopped by Ilya Samsonov without a rebound.
5:38 of 2nd period - Evgeny Kuznetsov wins face-off versus Ryan Carpenter in Colorado Rockies zone.
5:43 of 2nd period - Ryan Carpenter is hit by Quinn Hughes and loses puck.
6:08 of 2nd period - Off-side.
6:09 of 2nd period - Ryan O'Reilly wins face-off versus Sam Gagner in neutral zone.
6:12 of 2nd period - Oliver Kylington is hit by Ryan O'Reilly and loses puck.
6:25 of 2nd period - Snap shot by David Pastrnak.
6:25 of 2nd period - Deflect By Brandon Saad.
6:25 of 2nd period - Stopped by Anthony Stolarz with a rebound.
6:29 of 2nd period - Wrist shot by Jesper Bratt.
6:29 of 2nd period - Goal by Jesper Bratt - Colorado Rockies : 3 - Nashville Predators : 0.
6:30 of 2nd period - Evgeny Kuznetsov wins face-off versus Ryan Carpenter in neutral zone.
6:56 of 2nd period - Justin Braun is hit by Ryan O'Reilly and loses puck.
7:05 of 2nd period - Slapshot by Cale Makar.
7:05 of 2nd period - Shot Blocked by David Pastrnak.
7:33 of 2nd period - Kevin Hayes is hit by Loui Eriksson and loses puck.
7:46 of 2nd period - Snap shot by Thomas Novak.
7:46 of 2nd period - Stopped by Ilya Samsonov with a rebound.
7:48 of 2nd period - Snap shot by Thomas Novak.
7:48 of 2nd period - Shot Misses the Net.
7:50 of 2nd period - Slapshot by Nate Schmidt.
7:50 of 2nd period - Stopped by Ilya Samsonov with a rebound.
7:52 of 2nd period - Wrist shot by Nate Schmidt.
7:52 of 2nd period - Deflect By Thomas Novak.
7:52 of 2nd period - Stopped by Ilya Samsonov with a rebound.
7:54 of 2nd period - Slapshot by Artem Zub.
7:54 of 2nd period - Shot Misses the Net.
7:56 of 2nd period - Slapshot by Nate Schmidt.
7:56 of 2nd period - Shot Misses the Net.
8:04 of 2nd period - Wrist shot by Janne Kuokkanen.
8:04 of 2nd period - Shot Blocked by Roman Josi.
8:06 of 2nd period - Slapshot by Loui Eriksson.
8:06 of 2nd period - Shot Misses the Net.
8:08 of 2nd period - Slapshot by Nate Schmidt.
8:08 of 2nd period - Shot Misses the Net.
8:10 of 2nd period - Slapshot by Nate Schmidt.
8:10 of 2nd period - Shot Blocked by Victor Hedman.
8:12 of 2nd period - Snap shot by Thomas Novak.
8:12 of 2nd period - Shot Misses the Net.
8:14 of 2nd period - Snap shot by Thomas Novak.
8:14 of 2nd period - Goal by Thomas Novak - Colorado Rockies : 3 - Nashville Predators : 1.
8:15 of 2nd period - Pat Maroon wins face-off versus Evgeny Kuznetsov in neutral zone.
9:50 of 2nd period - Bowen Byram is hit by Evgeny Kuznetsov and loses puck.
10:13 of 2nd period - Jesper Bratt is hit by Rasmus Kupari and loses puck.
10:25 of 2nd period - Off-side.
10:26 of 2nd period - Ryan Carpenter wins face-off versus Kevin Hayes in neutral zone.
10:28 of 2nd period - Cale Makar is hit by Roman Josi and loses puck.
10:53 of 2nd period - Justin Braun is hit by Nikita Kucherov and loses puck.
11:02 of 2nd period - Kyle Connor is hit by Nick Bjugstad and loses puck.
11:09 of 2nd period - Wrist shot by Pat Maroon.
11:09 of 2nd period - Stopped by Ilya Samsonov with a rebound.
11:11 of 2nd period - Slapshot by Nate Schmidt.
11:11 of 2nd period - Shot Misses the Net.
11:13 of 2nd period - Snap shot by Artem Zub.
11:13 of 2nd period - Deflect By Ryan Carpenter.
11:13 of 2nd period - Stopped by Ilya Samsonov with a rebound.
11:15 of 2nd period - Wrist shot by Ryan Carpenter.
11:15 of 2nd period - Deflect By Pat Maroon.
11:15 of 2nd period - Stopped by Ilya Samsonov without a rebound.
11:16 of 2nd period - Sam Gagner wins face-off versus Ryan O'Reilly in Colorado Rockies zone.
11:43 of 2nd period - Slapshot by Jakub Vrana.
11:43 of 2nd period - Stopped by Anthony Stolarz with a rebound.
11:45 of 2nd period - Snap shot by Nick Bonino.
11:45 of 2nd period - Deflect By Dylan Strome.
11:45 of 2nd period - Deflect By Cale Makar.
11:45 of 2nd period - Shot Misses the Net.
11:45 of 2nd period - Puck is out of play.
11:46 of 2nd period - Nick Bonino wins face-off versus Thomas Novak in Nashville Predators zone.
12:13 of 2nd period - Ryan O'Reilly is hit by Rasmus Kupari and loses puck.
12:43 of 2nd period - Minor Penalty to Pat Maroon for Hooking.
12:44 of 2nd period - Evgeny Kuznetsov wins face-off versus Brandon Saad in Nashville Predators zone.
14:43 of 2nd period - Penalty to Pat Maroon is over, Pat Maroon is back on ice.
14:46 of 2nd period - Nate Schmidt is hit by Tim Stutzle.
14:50 of 2nd period - Snap shot by Pat Maroon.
14:50 of 2nd period - Shot Blocked by Roman Josi.
14:56 of 2nd period - Slapshot by Pat Maroon.
14:56 of 2nd period - Stopped by Ilya Samsonov without a rebound.
14:57 of 2nd period - Ryan Carpenter wins face-off versus Nick Bonino in Colorado Rockies zone.
14:58 of 2nd period - Wrist shot by Pat Maroon.
14:58 of 2nd period - Stopped by Ilya Samsonov without a rebound.
14:59 of 2nd period - Ryan Carpenter wins face-off versus Nick Bonino in Colorado Rockies zone.
15:00 of 2nd period - Snap shot by Nick Bjugstad.
15:00 of 2nd period - Shot Blocked by Jakub Vrana.
16:36 of 2nd period - Wrist shot by Kevin Hayes.
16:36 of 2nd period - Goal by Kevin Hayes - Colorado Rockies : 4 - Nashville Predators : 1.
16:37 of 2nd period - Evgeny Kuznetsov wins face-off versus Sam Gagner in neutral zone.
16:40 of 2nd period - Wrist shot by Nikita Kucherov.
16:40 of 2nd period - Shot Misses the Net.
16:45 of 2nd period - Off-side.
16:46 of 2nd period - Nikita Kucherov wins face-off versus Sam Gagner in neutral zone.
16:51 of 2nd period - Quinn Hughes is hit by Sam Gagner and loses puck.
17:04 of 2nd period - Nikita Kucherov is hit by Cale Makar and loses puck.
17:09 of 2nd period - Slapshot by Cale Makar.
17:09 of 2nd period - Deflect By Sam Gagner.
17:09 of 2nd period - Goal by Sam Gagner - Colorado Rockies : 4 - Nashville Predators : 2.
17:10 of 2nd period - Sam Gagner wins face-off versus Ryan O'Reilly in neutral zone.
17:37 of 2nd period - Nikita Kucherov is hit by Nick Bjugstad and loses puck.
18:11 of 2nd period - Slapshot by Tim Stutzle.
18:11 of 2nd period - Shot Blocked by Janne Kuokkanen.
18:44 of 2nd period - Snap shot by Corey Perry.
18:44 of 2nd period - Shot Blocked by Victor Hedman.
18:46 of 2nd period - Wrist shot by Artem Zub.
18:46 of 2nd period - Shot Misses the Net.
18:48 of 2nd period - Wrist shot by Corey Perry.
18:48 of 2nd period - Stopped by Ilya Samsonov with a rebound.
18:50 of 2nd period - Slapshot by Artem Zub.
18:50 of 2nd period - Shot Blocked by Martin Fehervary.
18:52 of 2nd period - Slapshot by Brandon Saad.
18:52 of 2nd period - Shot Misses the Net.
19:23 of 2nd period - Off-side.
19:24 of 2nd period - Kevin Hayes wins face-off versus Thomas Novak in neutral zone.
19:31 of 2nd period - Slapshot by Roman Josi.
19:31 of 2nd period - Stopped by Anthony Stolarz without a rebound.
19:32 of 2nd period - Ryan O'Reilly wins face-off versus Sam Gagner in Nashville Predators zone.
19:39 of 2nd period - Snap shot by David Pastrnak.
19:39 of 2nd period - Stopped by Anthony Stolarz with a rebound.
19:41 of 2nd period - Backhand shot by Shea Theodore.
19:41 of 2nd period - Shot Blocked by Justin Braun.
19:43 of 2nd period - Wrist shot by David Pastrnak.
19:43 of 2nd period - Stopped by Anthony Stolarz without a rebound.
19:44 of 2nd period - Ryan O'Reilly wins face-off versus Sam Gagner in Nashville Predators zone.
Goals for this period are 2 for Colorado Rockies vs 2 for Nashville Predators.
Shots for this period are 8 for Colorado Rockies vs 16 for Nashville Predators.
3rd period
0:01 of 3rd period - Ryan O'Reilly wins face-off versus Sam Gagner in neutral zone.
0:26 of 3rd period - Nick Bjugstad is hit by Evgeny Kuznetsov and loses puck.
0:33 of 3rd period - Slapshot by Evgeny Kuznetsov.
0:33 of 3rd period - Stopped by Anthony Stolarz without a rebound.
0:34 of 3rd period - Evgeny Kuznetsov wins face-off versus Ryan Carpenter in Nashville Predators zone.
1:01 of 3rd period - Roman Josi is hit by Brandon Saad and loses puck.
1:06 of 3rd period - Slapshot by Cale Makar.
1:06 of 3rd period - Deflect By Sam Gagner.
1:06 of 3rd period - Shot Blocked by Roman Josi.
1:06 of 3rd period - Puck is out of play.
1:07 of 3rd period - Ryan O'Reilly wins face-off versus Sam Gagner in Colorado Rockies zone.
1:11 of 3rd period - Minor Penalty to Corey Perry for Tripping.
1:12 of 3rd period - Evgeny Kuznetsov wins face-off versus Brandon Saad in Nashville Predators zone.
1:38 of 3rd period - Nick Schmaltz is hit by Pat Maroon and loses puck.
2:43 of 3rd period - Quinn Hughes is hit by Brandon Saad.
3:01 of 3rd period - Wrist shot by Nick Bjugstad.
3:01 of 3rd period - Shot Blocked by Kyle Connor.
3:03 of 3rd period - Snap shot by Loui Eriksson.
3:03 of 3rd period - Stopped by Ilya Samsonov without a rebound.
3:04 of 3rd period - Ryan O'Reilly wins face-off versus Nick Bjugstad in Colorado Rockies zone.
3:11 of 3rd period - Penalty to Corey Perry is over, Corey Perry is back on ice.
3:31 of 3rd period - Artem Zub is hit by Jakub Vrana and loses puck.
4:02 of 3rd period - David Pastrnak is hit by Bowen Byram and loses puck.
4:32 of 3rd period - Kevin Hayes is hit by Pat Maroon and loses puck.
4:48 of 3rd period - Icing by Dylan Strome.
4:49 of 3rd period - Thomas Novak wins face-off versus Ryan O'Reilly in Colorado Rockies zone.
5:06 of 3rd period - Snap shot by David Pastrnak.
5:06 of 3rd period - Deflect By Ryan O'Reilly.
5:06 of 3rd period - Stopped by Anthony Stolarz without a rebound.
5:07 of 3rd period - Evgeny Kuznetsov wins face-off versus Sam Gagner in Nashville Predators zone.
5:08 of 3rd period - Wrist shot by Kyle Connor.
5:08 of 3rd period - Shot Misses the Net.
5:22 of 3rd period - Snap shot by Corey Perry.
5:22 of 3rd period - Shot Blocked by Kyle Connor.
5:34 of 3rd period - Justin Braun is hit by David Pastrnak and loses puck.
6:19 of 3rd period - Backhand shot by Artem Zub.
6:19 of 3rd period - Shot Misses the Net.
6:21 of 3rd period - Slapshot by Nate Schmidt.
6:21 of 3rd period - Deflect By Nick Bonino.
6:21 of 3rd period - Stopped by Ilya Samsonov without a rebound.
6:22 of 3rd period - Ryan Carpenter wins face-off versus Ryan O'Reilly in Colorado Rockies zone.
6:26 of 3rd period - Icing by Quinn Hughes.
6:27 of 3rd period - Ryan O'Reilly wins face-off versus Ryan Carpenter in Colorado Rockies zone.
6:32 of 3rd period - Snap shot by Pat Maroon.
6:32 of 3rd period - Stopped by Ilya Samsonov with a rebound.
6:58 of 3rd period - Slapshot by Thomas Novak.
6:58 of 3rd period - Goal by Thomas Novak - Colorado Rockies : 4 - Nashville Predators : 3.
6:59 of 3rd period - Jesper Bratt wins face-off versus Sam Gagner in neutral zone.
7:06 of 3rd period - Slapshot by Ryan O'Reilly.
7:06 of 3rd period - Stopped by Anthony Stolarz with a rebound.
7:08 of 3rd period - Snap shot by David Pastrnak.
7:08 of 3rd period - Shot Misses the Net.
7:10 of 3rd period - Snap shot by Jesper Bratt.
7:10 of 3rd period - Stopped by Anthony Stolarz without a rebound.
7:11 of 3rd period - Evgeny Kuznetsov wins face-off versus Sam Gagner in Nashville Predators zone.
7:42 of 3rd period - Snap shot by Tim Stutzle.
7:42 of 3rd period - Stopped by Anthony Stolarz without a rebound.
7:43 of 3rd period - Ryan Carpenter wins face-off versus Kevin Hayes in Nashville Predators zone.
7:52 of 3rd period - Snap shot by Kevin Hayes.
7:52 of 3rd period - Stopped by Anthony Stolarz without a rebound.
7:53 of 3rd period - Ryan O'Reilly wins face-off versus Ryan Carpenter in Nashville Predators zone.
7:56 of 3rd period - Wrist shot by David Pastrnak.
7:56 of 3rd period - Shot Misses the Net.
7:58 of 3rd period - Wrist shot by David Pastrnak.
7:58 of 3rd period - Shot Misses the Net.
8:00 of 3rd period - Wrist shot by Quinn Hughes.
8:00 of 3rd period - Stopped by Anthony Stolarz with a rebound.
8:14 of 3rd period - Slapshot by Pat Maroon.
8:14 of 3rd period - Stopped by Ilya Samsonov without a rebound.
8:15 of 3rd period - Evgeny Kuznetsov wins face-off versus Sam Gagner in Colorado Rockies zone.
9:16 of 3rd period - Off-side.
9:17 of 3rd period - Evgeny Kuznetsov wins face-off versus Ryan Carpenter in neutral zone.
9:30 of 3rd period - Slapshot by Nate Schmidt.
9:30 of 3rd period - Shot Misses the Net.
9:36 of 3rd period - Nikita Kucherov is hit by Pat Maroon and loses puck.
9:49 of 3rd period - Wrist shot by Loui Eriksson.
9:49 of 3rd period - Deflect By Thomas Novak.
9:49 of 3rd period - Shot Blocked by Quinn Hughes.
9:49 of 3rd period - Puck is out of play.
9:50 of 3rd period - Thomas Novak wins face-off versus Ryan O'Reilly in Colorado Rockies zone.
10:03 of 3rd period - Wrist shot by Thomas Novak.
10:03 of 3rd period - Stopped by Ilya Samsonov with a rebound.
10:05 of 3rd period - Snap shot by Loui Eriksson.
10:05 of 3rd period - Shot Misses the Net.
10:17 of 3rd period - Oliver Kylington is hit by Tim Stutzle and loses puck.
10:57 of 3rd period - Wrist shot by Nolan Patrick.
10:57 of 3rd period - Stopped by Ilya Samsonov with a rebound.
10:59 of 3rd period - Snap shot by Nolan Patrick.
10:59 of 3rd period - Stopped by Ilya Samsonov with a rebound.
11:01 of 3rd period - Slapshot by Nolan Patrick.
11:01 of 3rd period - Stopped by Ilya Samsonov without a rebound.
11:02 of 3rd period - David Pastrnak wins face-off versus Sam Gagner in Colorado Rockies zone.
11:29 of 3rd period - Nick Bjugstad is hit by Evgeny Kuznetsov and loses puck.
12:25 of 3rd period - Snap shot by David Pastrnak.
12:25 of 3rd period - Shot Misses the Net.
12:27 of 3rd period - Minor Penalty to Pat Maroon for Roughing.
12:28 of 3rd period - Brandon Saad wins face-off versus Evgeny Kuznetsov in Nashville Predators zone.
12:37 of 3rd period - Wrist shot by Evgeny Kuznetsov.
12:37 of 3rd period - Shot Blocked by Brandon Saad.
12:39 of 3rd period - Slapshot by Victor Hedman.
12:39 of 3rd period - Shot Misses the Net.
13:05 of 3rd period - Wrist shot by Nick Schmaltz.
13:05 of 3rd period - Stopped by Anthony Stolarz with a rebound.
13:19 of 3rd period - Nikita Kucherov is hit by Brandon Saad and loses puck.
13:37 of 3rd period - Sam Gagner is hit by Kyle Connor and loses puck.
13:54 of 3rd period - Corey Perry is hit by Nikita Kucherov and loses puck.
14:11 of 3rd period - Nate Schmidt is hit by Kyle Connor and loses puck.
14:27 of 3rd period - Penalty to Pat Maroon is over, Pat Maroon is back on ice.
14:31 of 3rd period - Wrist shot by Nikita Kucherov.
14:31 of 3rd period - Shot Blocked by Cale Makar.
14:39 of 3rd period - Snap shot by Cale Makar.
14:39 of 3rd period - Deflect By Sam Gagner.
14:39 of 3rd period - Stopped by Ilya Samsonov with a rebound.
14:41 of 3rd period - Snap shot by Justin Braun.
14:41 of 3rd period - Deflect By Victor Hedman.
14:41 of 3rd period - Stopped by Ilya Samsonov without a rebound.
14:42 of 3rd period - Ryan Carpenter wins face-off versus Ryan O'Reilly in Colorado Rockies zone.
14:45 of 3rd period - Wrist shot by Pat Maroon.
14:45 of 3rd period - Stopped by Ilya Samsonov with a rebound.
15:15 of 3rd period - Snap shot by Dylan Strome.
15:15 of 3rd period - Shot Misses the Net.
15:17 of 3rd period - Slapshot by Victor Hedman.
15:17 of 3rd period - Stopped by Anthony Stolarz without a rebound.
15:18 of 3rd period - Kevin Hayes wins face-off versus Thomas Novak in Nashville Predators zone.
15:33 of 3rd period - Wrist shot by Nick Schmaltz.
15:33 of 3rd period - Shot Blocked by Nate Schmidt.
16:07 of 3rd period - Off-side.
16:08 of 3rd period - Nolan Patrick wins face-off versus Nick Bonino in neutral zone.
16:33 of 3rd period - Nick Schmaltz is hit by Janne Kuokkanen and loses puck.
16:39 of 3rd period - Off-side.
16:40 of 3rd period - Thomas Novak wins face-off versus Kevin Hayes in neutral zone.
16:45 of 3rd period - Wrist shot by Nate Schmidt.
16:45 of 3rd period - Stopped by Ilya Samsonov without a rebound.
16:46 of 3rd period - Thomas Novak wins face-off versus Kevin Hayes in Colorado Rockies zone.
16:49 of 3rd period - Snap shot by Janne Kuokkanen.
16:49 of 3rd period - Stopped by Ilya Samsonov without a rebound.
16:50 of 3rd period - Kevin Hayes wins face-off versus Thomas Novak in Colorado Rockies zone.
17:18 of 3rd period - Nick Schmaltz is hit by Loui Eriksson and loses puck.
17:33 of 3rd period - Wrist shot by Kevin Hayes.
17:33 of 3rd period - Stopped by Anthony Stolarz without a rebound.
17:34 of 3rd period - Ryan O'Reilly wins face-off versus Sam Gagner in Nashville Predators zone.
18:52 of 3rd period - Sam Gagner is hit by Evgeny Kuznetsov and loses puck.
19:26 of 3rd period - Nikita Kucherov is hit by Justin Braun.
19:30 of 3rd period - Nashville Predators, Anthony Stolarz is pulled from the net.
19:38 of 3rd period - Wrist shot by Brandon Saad.
19:38 of 3rd period - Deflect By Corey Perry.
19:38 of 3rd period - Shot Misses the Net.
19:38 of 3rd period - Puck is out of play.
19:39 of 3rd period - Peter Laviolette call a timeout for Nashville Predators.
19:39 of 3rd period - Evgeny Kuznetsov wins face-off versus Corey Perry in Colorado Rockies zone.
19:44 of 3rd period - Slapshot by Brandon Saad.
19:44 of 3rd period - Deflect By Sam Gagner.
19:44 of 3rd period - Shot Blocked by Nikita Kucherov.
19:44 of 3rd period - Puck is out of play.
19:45 of 3rd period - Nikita Kucherov wins face-off versus Sam Gagner in Colorado Rockies zone.
19:48 of 3rd period - Snap shot by Brandon Saad.
19:48 of 3rd period - Stopped by Ilya Samsonov without a rebound.
19:49 of 3rd period - Evgeny Kuznetsov wins face-off versus Sam Gagner in Colorado Rockies zone.
19:58 of 3rd period - Slapshot by Nikita Kucherov.
19:58 of 3rd period - Goal by Nikita Kucherov - Colorado Rockies : 5 - Nashville Predators : 3.
19:58 of 3rd period - Anthony Stolarz from Nashville Predators was sent back in the game.
19:59 of 3rd period - Thomas Novak wins face-off versus Kevin Hayes in neutral zone.
Goals for this period are 1 for Colorado Rockies vs 1 for Nashville Predators.
Shots for this period are 11 for Colorado Rockies vs 15 for Nashville Predators.
Back to the Top